[Event "Thursday 19 April Rapid Engine Tour 12+1 Rounds 9 Starts 1600ST"]
[Site "Infinity Chess"]
[Date "2018.4.19"]
[Round "3"]
[White "Thinker"]
[Black "RonWeasley"]
[Result "1/2-1/2"]
[ECO "C00"]
[WhiteElo "2457"]
[BlackElo "2450"]
[WhiteEngine "BrainFish_180411_x64_modern_CTG"]
[BlackEngine "BrainFish 090218_CTG"]
[EventType "Swiss"]
[WhiteTeam ""]
[BlackTeam ""]
[PlyCount "124"]
[TimeControl "720+1"]

1. e4 e6 2. Nc3 d5 3. d4 Nf6 4. e5 Nfd7 5. f4 c5 6. Nf3 Nc6 7. Be3 cxd4 
8. Nxd4 Qb6 9. Qd2 Qxb2 10. Rb1 Qa3 11. Bb5 Nxd4 12. Bxd4 a6 13. Bxd7+ Bxd7 
14. Rb3 Qe7 15. Rxb7 Rc8 16. O-O Qd8 17. f5 exf5 18. Qd3 Bc5 19. Bxc5 Rxc5 
20. Nxd5 Bc8 21. Re7+ Kf8 22. Qa3 Qa5 23. Qxa5 Rxa5 24. Rc7 Be6 25. Nf4 Rxe5 
26. Nxe6+ Rxe6 27. Rxf5 Re7 28. Rc8+ Re8 29. Rfc5 Ke7 30. R8c6 g6 31. Rc3 a5 
32. R6c5 f5 33. Rxa5 Ra8 34. Rc7+ Kf6 35. Rxh7 Rxa5 36. Rxh8 Rc5 37. a4 Rxc2 
38. g3 Rc1+ 39. Kg2 Rc2+ 40. Kf1 Ra2 41. a5 Rxa5 42. Kf2 Kg5 43. h3 Ra3 
44. Kg2 Kf6 45. Kf2 Kg7 46. Rc8 Kh6 47. Rh8+ Kg5 48. Rg8 Ra2+ 49. Kf3 Ra3+ 
50. Kf2 Ra2+ 51. Ke3 Kf6 52. Rh8 Ra3+ 53. Kf2 Kg7 54. Rc8 Ra2+ 55. Kf3 Ra3+ 
56. Kf4 Ra4+ 57. Kg5 Ra3 58. Rc7+ Kg8 59. g4 fxg4 60. hxg4 Ra4 61. Rc8+ Kh7 
62. Rc7+ Kg8 1/2-1/2

[Event "Thursday 19 April Rapid Engine Tour 12+1 Rounds 9 Starts 1600ST"]
[Site "Infinity Chess"]
[Date "2018.4.19"]
[Round "3"]
[White "Marsell"]
[Black "SkyPilot"]
[Result "1/2-1/2"]
[ECO "C53"]
[WhiteElo "2482"]
[BlackElo "2497"]
[WhiteEngine "BrainFish_180408_x64_bmi2"]
[BlackEngine "stockfish_x64_bmi2_2018_04_07_CTG"]
[EventType "Swiss"]
[WhiteTeam ""]
[BlackTeam ""]
[PlyCount "98"]
[TimeControl "720+1"]

1. e4 e5 2. Nf3 Nc6 3. Bc4 Bc5 4. c3 Nf6 5. d3 d6 6. O-O O-O 7. h3 a5 
8. Nbd2 Be6 9. Bb5 h6 10. Re1 Qb8 11. Nf1 Qa7 12. Be3 Bxe3 13. Nxe3 Ne7 
14. a4 Ng6 15. Bc4 Bxc4 16. Nxc4 Qa6 17. b3 Rfe8 18. Qc2 Nf4 19. Kh2 Qc6 
20. Rad1 b6 21. d4 exd4 22. Nxd4 Qc5 23. g3 Ne6 24. e5 dxe5 25. Rxe5 Nxd4 
26. cxd4 Qc6 27. d5 Qc5 28. Rf5 Ne4 29. Rf4 Nd6 30. Qb2 Re4 31. Rxe4 Nxe4 
32. Qd4 Qxd4 33. Rxd4 Nc5 34. d6 Nxb3 35. Rd1 cxd6 36. Rxd6 Rb8 37. Nxb6 f6 
38. Kg2 Kf7 39. Rc6 Nd4 40. Rc7+ Ke6 41. Nc4 Rb4 42. Nxa5 Rxa4 43. Nb7 g5 
44. Rh7 Rc4 45. Rxh6 Rc7 46. Na5 Rc5 47. Nb7 Rc7 48. Na5 Rc5 49. Nb7 Rc7 1/2-1/2

[Event "Thursday 19 April Rapid Engine Tour 12+1 Rounds 9 Starts 1600ST"]
[Site "Infinity Chess"]
[Date "2018.4.19"]
[Round "3"]
[White "hafaba"]
[Black "ludimilojko"]
[Result "1/2-1/2 "]
[ECO "C55"]
[WhiteElo "2462"]
[BlackElo "2304"]
[WhiteEngine "Eman 1.70-beta21 64-bit POPCNT_CTG"]
[BlackEngine "asmFishW_2018-04-15_base_CTG"]
[EventType "Swiss"]
[WhiteTeam ""]
[BlackTeam ""]
[PlyCount "114"]
[TimeControl "720+1"]

1. e4 e5 2. Nf3 Nc6 3. Bc4 Nf6 4. d3 Bc5 5. O-O d6 6. c3 a5 7. Re1 O-O 
8. Bg5 Ba7 9. Bh4 h6 10. Na3 g5 11. Bg3 g4 12. Bh4 gxf3 13. Qxf3 Kg7 
14. Qg3+ Kh7 15. Qf3 Kg7 16. Rad1 a4 17. h3 Qe7 18. Qg3+ Kh8 19. Qf3 Kg7 
20. d4 Bb6 21. Nc2 Na5 22. Bd3 Rg8 23. Ne3 c6 24. Bc2 Bd8 25. dxe5 Qxe5 
26. Nf5+ Bxf5 27. exf5 Qc5 28. b4 axb3 29. axb3 Qa3 30. Ra1 Qc5 31. Rad1 Qa3 
32. Qf4 d5 33. Qg3+ Kh7 34. Qe5 Qb2 35. Bd3 Nxb3 36. Re2 Qa3 37. Bxf6 Nc1 
38. Ree1 Nxd3 39. Rxd3 Qf8 40. Bxd8 Qxd8 41. Qe7 Qxe7 42. Rxe7 Kg7 43. Rxb7 Rgb8 
44. Rc7 Rc8 45. f6+ Kg8 46. Re7 Re8 47. Kh2 Rxe7 48. fxe7 Re8 49. c4 Rxe7 
50. cxd5 cxd5 51. Rxd5 Kf8 52. g4 Re2 53. Kg3 Rb2 54. f3 Kg7 55. h4 Rb6 
56. Rd7 Rb5 57. h5 Rb4 1/2-1/2

[Event "Thursday 19 April Rapid Engine Tour 12+1 Rounds 9 Starts 1600ST"]
[Site "Infinity Chess"]
[Date "2018.4.19"]
[Round "3"]
[White "angriff"]
[Black "Seliga"]
[Result "0-1"]
[ECO "C53"]
[WhiteElo "2389"]
[BlackElo "2469"]
[WhiteEngine "DracoREX 3.07 64BIT POPCNT_CTG"]
[BlackEngine "SF9 ''X20''_CTG"]
[EventType "Swiss"]
[WhiteTeam ""]
[BlackTeam ""]
[PlyCount "150"]
[TimeControl "720+1"]

1. e4 e5 2. Nf3 Nc6 3. Bc4 Bc5 4. c3 Nf6 5. d3 a5 6. O-O d6 7. Bg5 O-O 8. a4 h6 
9. Bh4 g5 10. Bg3 Kg7 11. Na3 Ne7 12. Nc2 Bb6 13. Bb3 Ng6 14. Ne3 Bxe3 
15. fxe3 Nh5 16. Be1 g4 17. Nd2 Qg5 18. Qe2 f5 19. exf5 Bxf5 20. g3 e4 
21. d4 Ne7 22. Bc2 Nf6 23. c4 b6 24. Rf2 Rae8 25. c5 d5 26. b4 bxc5 27. bxc5 Nh7 
28. Nb3 Bc8 29. Rf4 Qh5 30. h4 Rxf4 31. exf4 Qf7 32. Bxa5 Nf5 33. Kh2 Nf6 
34. Rg1 Re6 35. Qd1 Ba6 36. Nc1 Bc4 37. Be1 Re8 38. Bc3 Rb8 39. a5 Kh7 
40. Be1 Rb2 41. Bf2 Kg7 42. Rg2 Qe8 43. Ne2 Qb5 44. Nc3 Qxa5 45. Na4 Ra2 
46. Qb1 Rxa4 47. Bxa4 Qxa4 48. Qb7 Qd7 49. c6 Qf7 50. Qc8 Kg6 51. h5+ Nxh5 
52. Be1 Nf6 53. Ba5 e3 54. Qxc7 Qxc7 55. Bxc7 Nxd4 56. Bb6 e2 57. Rxe2 Nxe2 
58. c7 Ba6 59. Kg2 Ne4 60. Kf1 Nxf4+ 61. Ke1 Nxg3 62. Kd2 Nge2 63. Bf2 g3 
64. Bxg3 Nxg3 65. Ke3 Kf5 66. Kd2 d4 67. c8=Q+ Bxc8 68. Kc1 d3 69. Kb1 d2 
70. Kc2 Ne4 71. Kd1 Kg6 72. Kc2 Be6 73. Kb1 d1=Q+ 74. Kb2 Qb3+ 75. Ka1 Qa2# 0-1

[Event "Thursday 19 April Rapid Engine Tour 12+1 Rounds 9 Starts 1600ST"]
[Site "Infinity Chess"]
[Date "2018.4.19"]
[Round "3"]
[White "HerzsjeMZ"]
[Black "MarioDeMonti"]
[Result "1/2-1/2"]
[ECO "C55"]
[WhiteElo "2414"]
[BlackElo "2436"]
[WhiteEngine "BrainFish_180418_x64_modern"]
[BlackEngine "stockfish_x64_bmi2_2018_02_18_CTG"]
[EventType "Swiss"]
[WhiteTeam ""]
[BlackTeam ""]
[PlyCount "111"]
[TimeControl "720+1"]

1. e4 e5 2. Nf3 Nc6 3. Bc4 Nf6 4. d3 Bc5 5. c3 d6 6. O-O O-O 7. Nbd2 a5 
8. Re1 Ba7 9. Nf1 Be6 10. Bb5 Ne7 11. d4 exd4 12. Nxd4 Ng6 13. Ba4 h6 
14. Nxe6 fxe6 15. Be3 Bxe3 16. Nxe3 Kh8 17. f3 Nh5 18. g3 b5 19. Bc2 Qg5 
20. Ng4 Rad8 21. Qc1 Nf6 22. Qxg5 hxg5 23. Nf2 Ne5 24. Bd1 a4 25. Nh3 g4 
26. fxg4 Nd3 27. Rf1 Nxb2 28. Bf3 Nd3 29. Rab1 Rb8 30. Nf4 Nxf4 31. gxf4 d5 
32. exd5 Nxd5 33. Bxd5 exd5 34. f5 c6 35. Kg2 Rbd8 36. Kg3 Kg8 37. h4 d4 
38. cxd4 Rxd4 39. Rfc1 Re8 40. Rxc6 Re3+ 41. Kf2 Rh3 42. Rc8+ Kh7 43. g5 Rf4+ 
44. Kg2 Rhxh4 45. g6+ Kh6 46. Rh8+ Kg5 47. Rxh4 Rxh4 48. Rxb5 Rg4+ 49. Kf2 Rf4+ 
50. Kg3 Rxf5 51. Rb7 Kxg6 52. Ra7 a3 53. Rxa3 Rf1 54. Ra4 Ra1 55. Ra6+ Kf5 
56. Ra5+ 1/2-1/2

[Event "Thursday 19 April Rapid Engine Tour 12+1 Rounds 9 Starts 1600ST"]
[Site "Infinity Chess"]
[Date "2018.4.19"]
[Round "3"]
[White "ocirema"]
[Black "MiKachomiKa QueeN"]
[Result "1/2-1/2"]
[ECO "B30"]
[WhiteElo "2441"]
[BlackElo "2426"]
[WhiteEngine "asmFishW_2018-04-15_popcnt_CTG"]
[BlackEngine "stockfish_18041819_x64_modern_CTG"]
[EventType "Swiss"]
[WhiteTeam ""]
[BlackTeam ""]
[PlyCount "163"]
[TimeControl "720+1"]

1. e4 c5 2. Nf3 Nc6 3. Nc3 e6 4. d4 cxd4 5. Nxd4 Nf6 6. Ndb5 Bb4 7. a3 Bxc3+ 
8. Nxc3 d5 9. exd5 exd5 10. Bd3 O-O 11. O-O d4 12. Ne2 Bg4 13. Re1 Bxe2 
14. Rxe2 Qd6 15. h3 h6 16. b4 Rad8 17. Bb2 Nd5 18. Re1 Nc3 19. Qh5 Rfe8 
20. Rxe8+ Rxe8 21. Bxc3 dxc3 22. Rd1 Qf6 23. Qb5 b6 24. Kf1 g6 25. Qc4 Re6 
26. Be4 Kg7 27. g3 b5 28. Qd3 a6 29. Bxc6 Rxc6 30. Qd5 Rc4 31. Rd3 h5 32. h4 Qe7 
33. Qf3 Qe5 34. Kg2 Qc7 35. Qe3 Qc6+ 36. f3 Qf6 37. Rd5 Kh7 38. f4 Rc8 
39. Qe5 Qc6 40. Kf2 Re8 41. Qd4 Qe6 42. Re5 Qc8 43. Rxe8 Qxe8 44. Qxc3 Kg8 
45. Qe3 Qd7 46. Qd3 Qe6 47. Qc3 Qb6+ 48. Ke1 Qg1+ 49. Kd2 Qf1 50. Qe3 Kf8 
51. Qb3 Qg1 52. Qe3 Qf1 53. Qc3 Kg8 54. Qb3 Qg1 55. Qe3 Qh1 56. Qe1 Qf3 
57. Qe3 Qf1 58. Qe8+ Kg7 59. Qe1 Qf3 60. Qe5+ Kg8 61. Qe3 Qf1 62. Qe8+ Kg7 
63. Qe2 Qh1 64. Qe1 Qf3 65. Qe5+ Kg8 66. Qe8+ Kg7 67. Qe3 Qf1 68. Qe2 Qg1 
69. Qe3 Qf1 70. Qe5+ Kg8 71. Qe2 Qg1 72. Qe8+ Kg7 73. Qe5+ Kg8 74. f5 gxf5 
75. Qxf5 Qxg3 76. Qxh5 Qf4+ 77. Kd1 Qd4+ 78. Kc1 Qa1+ 79. Kd2 Qd4+ 80. Kc1 Qa1+ 
81. Kd2 Qd4+ 82. Kc1 1/2-1/2

[Event "Thursday 19 April Rapid Engine Tour 12+1 Rounds 9 Starts 1600ST"]
[Site "Infinity Chess"]
[Date "2018.4.19"]
[Round "3"]
[White "star99"]
[Black "CrapCleaner"]
[Result "1/2-1/2 "]
[ECO "D02"]
[WhiteElo "2445"]
[BlackElo "2454"]
[WhiteEngine "Cryptic Heroes 9.4B"]
[BlackEngine "Raubfisch X38b_CTG"]
[EventType "Swiss"]
[WhiteTeam ""]
[BlackTeam ""]
[PlyCount "139"]
[TimeControl "720+1"]

1. d4 d5 2. Nf3 Nf6 3. c4 e6 4. e3 Be7 5. Nc3 O-O 6. a3 b6 7. cxd5 exd5 
8. b4 Nbd7 9. Rb1 a6 10. Bd3 Bb7 11. O-O Bd6 12. a4 Ne4 13. Qc2 Qe7 14. b5 Nxc3 
15. Qxc3 Nf6 16. Bb2 Ne4 17. Qc2 axb5 18. axb5 Ra2 19. Ne5 h6 20. Ra1 Rfa8 
21. Rxa2 Rxa2 22. Qb3 Ra5 23. Qc2 Qe8 24. h3 Ra8 25. Rc1 f6 26. Nc6 Bxc6 
27. Qxc6 Qxc6 28. Rxc6 f5 29. g4 f4 30. exf4 Bxf4 31. h4 Kf7 32. Kg2 Bd6 
33. Bc1 Ra4 34. Be3 Nf6 35. g5 hxg5 36. hxg5 Ng4 37. Rc3 Nxe3+ 38. fxe3 g6 
39. Bc2 Rb4 40. Bd3 Rb2+ 41. Kf3 Rd2 42. Bc2 Rh2 43. Rc6 Rh1 44. Ke2 Rh3 
45. Bb3 Ke6 46. Rc3 Rh2+ 47. Kd3 Rh3 48. Rc6 Rg3 49. Kd2 Rg2+ 50. Kd3 Rxg5 
51. e4 Rg3+ 52. Kc2 Rg2+ 53. Kd1 Kd7 54. Bxd5 Bf4 55. Be6+ Ke7 56. Bd5 Rd2+ 
57. Ke1 Rxd4 58. Rxg6 Rb4 59. e5 Bxe5 60. Re6+ Kd7 61. Rxe5 Kd6 62. Rf5 Rxb5 
63. Be4 Rxf5 64. Bxf5 b5 65. Kd2 c5 66. Kd3 Kc7 67. Ke4 c4 68. Bg6 Kd6 
69. Kd4 Kc7 70. Ke4 1/2-1/2

[Event "Thursday 19 April Rapid Engine Tour 12+1 Rounds 9 Starts 1600ST"]
[Site "Infinity Chess"]
[Date "2018.4.19"]
[Round "2"]
[White "ludimilojko"]
[Black "angriff"]
[Result "1/2-1/2"]
[ECO "E10"]
[WhiteElo "2300"]
[BlackElo "2393"]
[WhiteEngine "asmFishW_2018-04-15_base_CTG"]
[BlackEngine "DracoREX 3.07 64BIT POPCNT_CTG"]
[EventType "Swiss"]
[WhiteTeam ""]
[BlackTeam ""]
[PlyCount "106"]
[TimeControl "720+1"]

1. d4 Nf6 2. c4 e6 3. Nf3 d5 4. Nc3 c6 5. e3 Nbd7 6. Qc2 Bd6 7. Bd3 O-O 
8. O-O dxc4 9. Bxc4 a6 10. Rd1 b5 11. Bd3 Bb7 12. Ng5 h6 13. Nge4 Bc7 14. b3 Qe7 
15. Bb2 c5 16. Nxf6+ Nxf6 17. dxc5 Qxc5 18. Nd5 Qxc2 19. Nxf6+ gxf6 20. Bxc2 Be5 
21. Bxe5 fxe5 22. f3 Rac8 23. Rac1 Rfd8 24. Rxd8+ Rxd8 25. Rd1 Rc8 26. Rd2 Kg7 
27. Kf2 Kf6 28. Bh7 e4 29. Bxe4 Bxe4 30. fxe4 Rc1 31. h4 b4 32. g3 a5 
33. Kf3 Ke5 34. Rd7 Rf1+ 35. Ke2 Rg1 36. Rxf7 Kxe4 37. Rf4+ Ke5 38. Kf3 Ra1 
39. g4 Rxa2 40. g5 hxg5 41. hxg5 Ra1 42. Rg4 Rf1+ 43. Ke2 Rf8 44. g6 Kf6 
45. g7 Rg8 46. Kd3 Rxg7 47. Rxg7 Kxg7 48. Kc4 Kf6 49. Kb5 e5 50. Kxa5 Kf5 
51. Kxb4 Ke4 52. Kc4 Kxe3 53. b4 e4 1/2-1/2

[Event "Thursday 19 April Rapid Engine Tour 12+1 Rounds 9 Starts 1600ST"]
[Site "Infinity Chess"]
[Date "2018.4.19"]
[Round "2"]
[White "HerzsjeMZ"]
[Black "MiKachomiKa QueeN"]
[Result "1/2-1/2"]
[ECO "C50"]
[WhiteElo "2413"]
[BlackElo "2427"]
[WhiteEngine "BrainFish_180418_x64_modern"]
[BlackEngine "stockfish_18041819_x64_modern_CTG"]
[EventType "Swiss"]
[WhiteTeam ""]
[BlackTeam ""]
[PlyCount "127"]
[TimeControl "720+1"]

1. e4 e5 2. Nf3 Nc6 3. Bc4 Bc5 4. O-O Nf6 5. d3 d6 6. c3 a5 7. Nbd2 O-O 
8. Re1 h6 9. Nf1 Be6 10. Bb5 Ne7 11. h3 Ba7 12. Ng3 c6 13. Ba4 b5 14. Bc2 a4 
15. d4 Ng6 16. Bd2 Bb6 17. Be3 Bc7 18. Qd2 Re8 19. b3 Qd7 20. bxa4 bxa4 
21. Red1 Qe7 22. c4 d5 23. exd5 cxd5 24. Bxg6 exd4 25. Nxd4 fxg6 26. Nxe6 Qxe6 
27. cxd5 Nxd5 28. Qxd5 Qxd5 29. Rxd5 Bxg3 30. Rb1 Bh4 31. Kf1 Bf6 32. Rb4 Reb8 
33. Rdb5 Rc8 34. Rc5 Rxc5 35. Bxc5 Rc8 36. Rb5 Rc7 37. a3 Kf7 38. Ke2 g5 
39. Kd3 Rd7+ 40. Ke3 Be7 41. Bb4 Ra7 42. f3 Kg6 43. Bxe7 Rxe7+ 44. Kf2 Rc7 
45. Rb4 Ra7 46. Ke3 Kf6 47. Kd4 Rc7 48. Kd3 Ra7 49. Ke3 Ra5 50. g3 h5 
51. Re4 Ra8 52. Rc4 Ra7 53. Rc6+ Kf7 54. f4 Ra5 55. fxg5 Rxg5 56. Kf4 Rb5 
57. Rc7+ Kg8 58. Rc8+ Kh7 59. Kf3 Rb3+ 60. Kf4 Rxa3 61. Ra8 h4 62. gxh4 Rxh3 
63. Kg4 Re3 64. Rxa4 1/2-1/2

[Event "Thursday 19 April Rapid Engine Tour 12+1 Rounds 9 Starts 1600ST"]
[Site "Infinity Chess"]
[Date "2018.4.19"]
[Round "2"]
[White "MarioDeMonti"]
[Black "ocirema"]
[Result "1/2-1/2"]
[ECO "C55"]
[WhiteElo "2436"]
[BlackElo "2441"]
[WhiteEngine "stockfish_x64_bmi2_2018_02_18_CTG"]
[BlackEngine "asmFishW_2018-04-15_popcnt_CTG"]
[EventType "Swiss"]
[WhiteTeam ""]
[BlackTeam ""]
[PlyCount "101"]
[TimeControl "720+1"]

1. e4 e5 2. Nf3 Nc6 3. Bc4 Nf6 4. d3 Bc5 5. c3 d6 6. O-O a5 7. Re1 h6 
8. Nbd2 O-O 9. h3 Be6 10. a4 Ba7 11. b3 d5 12. exd5 Nxd5 13. Ne4 Re8 14. Bd2 Nf6 
15. Qe2 Qe7 16. Bb5 Bxb3 17. c4 Nxe4 18. Qxe4 Rad8 19. Bxc6 bxc6 20. Qxe5 Qxe5 
21. Nxe5 Bb6 22. Ra3 Bc2 23. Nxc6 Rxe1+ 24. Bxe1 Rxd3 25. Rxd3 Bxd3 
26. Bxa5 Bxa5 27. Nxa5 Bc2 28. f3 Bxa4 29. Kf2 Kf8 30. Ke3 Ke7 31. Kd4 g5 
32. Nb7 Bd1 33. Ke3 f5 34. Kd2 Ba4 35. Nc5 Be8 36. Nd3 Kd6 37. Ke3 f4+ 
38. Kd4 Bd7 39. Nc5 Bf5 40. Ne4+ Bxe4 41. c5+ Ke7 42. Kxe4 Ke6 43. Kd4 c6 
44. Ke4 h5 45. h4 gxh4 46. Kxf4 Kd5 47. Kg5 Kxc5 48. Kxh5 Kd4 49. f4 h3 
50. gxh3 c5 51. f5 1/2-1/2

[Event "Thursday 19 April Rapid Engine Tour 12+1 Rounds 9 Starts 1600ST"]
[Site "Infinity Chess"]
[Date "2018.4.19"]
[Round "2"]
[White "star99"]
[Black "RonWeasley"]
[Result "1/2-1/2"]
[ECO "A46"]
[WhiteElo "2445"]
[BlackElo "2450"]
[WhiteEngine "Cryptic Heroes 9.4B"]
[BlackEngine "BrainFish 090218_CTG"]
[EventType "Swiss"]
[WhiteTeam ""]
[BlackTeam ""]
[PlyCount "140"]
[TimeControl "720+1"]

1. d4 Nf6 2. Nf3 d5 3. e3 e6 4. Nbd2 b6 5. Bb5+ c6 6. Bd3 c5 7. b3 cxd4 
8. exd4 Bd6 9. Bb2 O-O 10. O-O Ba6 11. c4 Nc6 12. Ne5 Nb4 13. Be2 Rc8 14. a3 Nc6 
15. Re1 Ne7 16. Bd3 Bb7 17. Qe2 Ng6 18. g3 dxc4 19. Ndxc4 Be7 20. Rac1 b5 
21. Nd2 a6 22. Rxc8 Qxc8 23. b4 Rd8 24. Nb3 Bd5 25. Qc2 Qxc2 26. Bxc2 Rc8 
27. Nxg6 hxg6 28. Nc5 Ra8 29. Bd3 Ne8 30. Ra1 Nd6 31. a4 Bc6 32. a5 Nf5 
33. Rc1 Bf3 34. h4 Bd5 35. Kf1 Ra7 36. Ke1 g5 37. h5 Bd6 38. Bc3 Ne7 39. Bd2 g4 
40. Ne4 Bb8 41. Nc5 f5 42. Bc2 Kf7 43. Bb3 Bxb3 44. Nxb3 Bd6 45. Nc5 Nd5 
46. Kd1 Bxc5 47. dxc5 Ra8 48. Kc2 Rh8 49. Rh1 Nf6 50. h6 gxh6 51. Bc3 Rh7 
52. Bxf6 Kxf6 53. Kc3 Ke5 54. Re1+ Kd5 55. Rd1+ Ke4 56. Rd4+ Ke5 57. Rd6 f4 
58. Kd3 h5 59. Rxa6 h4 60. gxh4 g3 61. fxg3 fxg3 62. Ke2 Rxh4 63. Kf3 Rxb4 
64. Kxg3 Rb3+ 65. Kg4 Kd5 66. c6 Rc3 67. Rb6 Rxc6 68. Rxb5+ Kd6 69. Rb1 Kd5 
70. Rd1+ Ke5 1/2-1/2

[Event "Thursday 19 April Rapid Engine Tour 12+1 Rounds 9 Starts 1600ST"]
[Site "Infinity Chess"]
[Date "2018.4.19"]
[Round "2"]
[White "CrapCleaner"]
[Black "Thinker"]
[Result "1/2-1/2"]
[ECO "C50"]
[WhiteElo "2454"]
[BlackElo "2457"]
[WhiteEngine "Raubfisch X38b_CTG"]
[BlackEngine "BrainFish_180411_x64_modern_CTG"]
[EventType "Swiss"]
[WhiteTeam ""]
[BlackTeam ""]
[PlyCount "80"]
[TimeControl "720+1"]

1. e4 e5 2. Nf3 Nc6 3. Bc4 Bc5 4. O-O Nf6 5. d3 O-O 6. c3 d6 7. Bg5 h6 8. Bh4 a6 
9. a4 g5 10. Bg3 Ba7 11. Nbd2 Nh7 12. h3 h5 13. Kh1 Kh8 14. b4 g4 15. Nh4 Qg5 
16. b5 Ne7 17. d4 exd4 18. cxd4 Qh6 19. e5 d5 20. Bd3 Bxd4 21. Rc1 c6 
22. bxc6 bxc6 23. Rg1 Ba7 24. Nb3 Rg8 25. e6 Bxe6 26. Be5+ f6 27. Bd4 gxh3 
28. g3 Bg4 29. Qc2 Bxd4 30. Nxd4 Nf8 31. Qb2 Nfg6 32. Bxg6 Nxg6 33. Ndf5 Bxf5 
34. Qxf6+ Qg7 35. Qxf5 Nxh4 36. gxh4 Qh6 37. Qe5+ Kh7 38. Qf5+ Kh8 39. Qe5+ Kh7 
40. Qf5+ Kh8 1/2-1/2

[Event "Thursday 19 April Rapid Engine Tour 12+1 Rounds 9 Starts 1600ST"]
[Site "Infinity Chess"]
[Date "2018.4.19"]
[Round "2"]
[White "Marsell"]
[Black "hafaba"]
[Result "1-0"]
[ECO "C55"]
[WhiteElo "2465"]
[BlackElo "2479"]
[WhiteEngine "BrainFish_180408_x64_bmi2"]
[BlackEngine "Eman 1.70-beta21 64-bit POPCNT_CTG"]
[EventType "Swiss"]
[WhiteTeam ""]
[BlackTeam ""]
[PlyCount "213"]
[TimeControl "720+1"]

1. e4 e5 2. Nf3 Nc6 3. Bc4 Nf6 4. d3 Bc5 5. c3 d6 6. O-O a5 7. Bg5 Ba7 
8. Nbd2 h6 9. Bh4 O-O 10. Re1 Be6 11. Rc1 g5 12. Bg3 Rb8 13. a4 Qe7 14. b3 Ne8 
15. h3 Ng7 16. Bh2 Rbe8 17. Bb5 f5 18. d4 g4 19. exf5 gxf3 20. fxe6 fxg2 
21. Bg3 exd4 22. cxd4 Qf6 23. Kxg2 Rxe6 24. Bc4 Nxd4 25. Ne4 Qf7 26. Rc3 Kh8 
27. Rd3 Ngf5 28. Kh1 Rfe8 29. Bf4 b5 30. axb5 Qf8 31. Bxe6 Rxe6 32. Nd2 Rf6 
33. Qg4 Ne6 34. Bg3 Qf7 35. Qc4 Kg7 36. Rg1 Rg6 37. Bh2 Ng5 38. Qxf7+ Kxf7 
39. Bf4 Ne6 40. Rxg6 Kxg6 41. Be3 Ned4 42. Nc4 Nxb5 43. Nxa5 c5 44. Nc4 Kf6 
45. Kg2 Ke6 46. Rd1 Bb8 47. Nb6 h5 48. Re1 Bc7 49. Bg5+ Kf7 50. Nd5 Ba5 
51. Ra1 Bc3 52. Ra6 Be5 53. Kf3 Ke6 54. Ke4 Nc3+ 55. Nxc3 Bxc3 56. Be3 Bb4 
57. Kf4 Kf6 58. Ra8 Ne7 59. Kf3 Ng6 60. Ke4 Ke6 61. Rd8 Ba5 62. Re8+ Kd7 
63. Ra8 Bd8 64. Ra7+ Kc6 65. Rh7 h4 66. Rh6 Ne7 67. Rxh4 d5+ 68. Kf3 Kb5 
69. Rh5 c4 70. bxc4+ Kxc4 71. Rh8 Nc6 72. h4 Ne5+ 73. Ke2 Nc6 74. h5 d4 
75. h6 dxe3 76. fxe3 Bf6 77. Rc8 Kd5 78. h7 Ne5 79. h8=Q Bxh8 80. Rxh8 Ke4 
81. Rh4+ Kf5 82. Rf4+ Ke6 83. e4 Nc4 84. Kd3 Ne5+ 85. Kd4 Nc6+ 86. Ke3 Kd6 
87. Rh4 Ke5 88. Rh5+ Kf6 89. Kf4 Nd4 90. Rh6+ Kg7 91. Rd6 Nb5 92. Rd5 Na3 
93. Kf5 Kf7 94. Rc5 Ke7 95. e5 Nb1 96. e6 Kd6 97. Rc1 Na3 98. Kf6 Nb5 99. e7 Nc7 
100. Rxc7 Kxc7 101. Ke6 Kc6 102. e8=Q+ Kc5 103. Qa4 Kb6 104. Kd6 Kb7 
105. Qa5 Kb8 106. Kc6 Kc8 107. Qc7# 1-0

[Event "Thursday 19 April Rapid Engine Tour 12+1 Rounds 9 Starts 1600ST"]
[Site "Infinity Chess"]
[Date "2018.4.19"]
[Round "2"]
[White "SkyPilot"]
[Black "Seliga"]
[Result "1-0"]
[ECO "C53"]
[WhiteElo "2481"]
[BlackElo "2485"]
[WhiteEngine "stockfish_x64_bmi2_2018_04_07_CTG"]
[BlackEngine "SF9 ''X20''_CTG"]
[EventType "Swiss"]
[WhiteTeam ""]
[BlackTeam ""]
[PlyCount "171"]
[TimeControl "720+1"]

1. e4 e5 2. Nf3 Nc6 3. Bc4 Bc5 4. c3 Nf6 5. d3 a5 6. O-O d6 7. Re1 O-O 
8. Nbd2 Ba7 9. Nf1 Be6 10. Bb5 Ne7 11. d4 exd4 12. Nxd4 Ng6 13. Ba4 c6 
14. Bc2 Re8 15. Ng3 Bd7 16. f4 b5 17. h3 h6 18. Kh1 Bc5 19. Qf3 Qc8 20. Nh5 Qd8 
21. Bd2 Bb6 22. Rad1 Nxh5 23. Qxh5 Qf6 24. Nf5 a4 25. Rf1 Nf8 26. g4 Bxf5 
27. gxf5 Qe7 28. Rfe1 Nd7 29. Re2 Nf6 30. Qf3 Nd7 31. Be1 f6 32. Bh4 Rad8 
33. c4 bxc4 34. Bxa4 Rc8 35. b3 Kh8 36. bxc4 Rc7 37. Bc2 Ra7 38. a4 Bc5 
39. Be1 Qf7 40. Bb3 Rb8 41. a5 Rab7 42. Rd3 Re8 43. Ba2 Qe7 44. Rd1 Reb8 
45. Bc3 Re8 46. Qd3 Ra8 47. Kh2 Rab8 48. Qg3 Qf8 49. Qf3 Qe7 50. Qg3 Qf8 
51. Qf3 Qe7 52. Kh1 Re8 53. Rde1 Qf8 54. Rg2 Re7 55. Ree2 Rb8 56. Qd3 Ba3 
57. Be1 Bc5 58. Bc3 Ba3 59. Bd2 Bc5 60. Bb3 Qd8 61. Bd1 Qc7 62. Bc3 Rd8 
63. Bc2 Rb8 64. Rg6 Bb4 65. Bxb4 Rxb4 66. Reg2 Nf8 67. R6g4 Nd7 68. Qg3 Nc5 
69. Rg6 Rb8 70. Rg1 Rc8 71. Qg4 Qa7 72. a6 Ra8 73. Qg3 Rae8 74. Qg4 Nxa6 
75. e5 dxe5 76. fxe5 Qc7 77. Qg2 Nb4 78. exf6 Re2 79. f7 Qxf7 80. Qg3 R2e3 
81. Qh4 Nd5 82. Rxg7 Qxg7 83. Rxg7 Kxg7 84. cxd5 Re1+ 85. Kg2 R8e2+ 86. Kf3 1-0

[Event "Thursday 19 April Rapid Engine Tour 12+1 Rounds 9 Starts 1600ST"]
[Site "Infinity Chess"]
[Date "2018.4.19"]
[Round "1"]
[White "RonWeasley"]
[Black "ludimilojko"]
[Result "1/2-1/2"]
[ECO "D30"]
[WhiteElo "2456"]
[BlackElo "2294"]
[WhiteEngine "BrainFish 090218_CTG"]
[BlackEngine "asmFishW_2018-04-15_base_CTG"]
[EventType "Swiss"]
[WhiteTeam ""]
[BlackTeam ""]
[PlyCount "106"]
[TimeControl "720+1"]

1. d4 d5 2. c4 e6 3. Nf3 Nf6 4. Nc3 c6 5. Bg5 h6 6. Bxf6 Qxf6 7. e3 Nd7 
8. Be2 g6 9. O-O Bg7 10. e4 dxe4 11. Nxe4 Qf4 12. Qc2 f5 13. Ned2 c5 14. g3 Qc7 
15. Nh4 Bxd4 16. Nxg6 Rg8 17. Nh4 Nf6 18. Ndf3 Rxg3+ 19. hxg3 Qxg3+ 20. Ng2 Ng4 
21. Qd2 Bxf2+ 22. Rxf2 Qxf2+ 23. Kh1 Bd7 24. Ne5 O-O-O 25. Nxg4 fxg4 26. Rd1 h5 
27. b3 b6 28. Qd3 Qf5 29. Kg1 Qxd3 30. Rxd3 Be8 31. Kf2 Rxd3 32. Bxd3 Kd8 
33. Nf4 Ke7 34. Kg3 Kf6 35. Kh4 Ke5 36. Ne2 a6 37. Bh7 b5 38. cxb5 Bxb5 
39. Ng3 c4 40. Kxh5 cxb3 41. axb3 Kf4 42. Kh4 a5 43. Be4 Be8 44. Bd3 Bc6 
45. Ne2+ Ke3 46. Bc4 Bf3 47. Ng3 e5 48. Be6 Bd1 49. Nf5+ Kf4 50. Ne7 g3 
51. Ng6+ Kf3 52. Nxe5+ Ke4 53. Kxg3 Kxe5 1/2-1/2

[Event "Thursday 19 April Rapid Engine Tour 12+1 Rounds 9 Starts 1600ST"]
[Site "Infinity Chess"]
[Date "2018.4.19"]
[Round "1"]
[White "angriff"]
[Black "CrapCleaner"]
[Result "1/2-1/2"]
[ECO "D02"]
[WhiteElo "2390"]
[BlackElo "2457"]
[WhiteEngine "DracoREX 3.07 64BIT POPCNT_CTG"]
[BlackEngine "Raubfisch X38b_CTG"]
[EventType "Swiss"]
[WhiteTeam ""]
[BlackTeam ""]
[PlyCount "136"]
[TimeControl "720+1"]

1. d4 d5 2. Nf3 Nf6 3. c4 e6 4. Nc3 c6 5. Bg5 h6 6. Bxf6 Qxf6 7. e3 Nd7 
8. Be2 g6 9. O-O Bg7 10. e4 dxe4 11. Nxe4 Qf4 12. Qc2 f5 13. Ned2 c5 14. g3 Qd6 
15. Nh4 Kf7 16. d5 e5 17. Rae1 h5 18. Kg2 Nf6 19. b4 b6 20. bxc5 bxc5 
21. Ndf3 Nh7 22. Bd3 e4 23. Bxe4 fxe4 24. Rxe4 Nf8 25. Ng5+ Kg8 26. Rfe1 Bf6 
27. Re8 Bxg5 28. Qxg6+ Qxg6 29. Nxg6 Bf5 30. Rxa8 Bxg6 31. Re6 Bd3 32. f4 Bh6 
33. d6 Rh7 34. Re7 Bf5 35. a4 Rf7 36. a5 a6 37. h3 Bg7 38. Rxa6 Nd7 39. Ra8+ Rf8 
40. Rxf8+ Bxf8 41. Re3 Nb8 42. Re5 Bd7 43. Rxh5 Be6 44. h4 Kf7 45. Kf2 Bg7 
46. Ke3 Bd4+ 47. Kd3 Nc6 48. a6 Nb4+ 49. Ke4 Nxa6 50. Rh7+ Bg7 51. f5 Bd7 
52. g4 Bc6+ 53. Kf4 Kg8 54. Rxg7+ Kxg7 55. Ke5 Kf7 56. g5 Nb8 57. h5 Nd7+ 
58. Kf4 Kg8 59. g6 Nf6 60. h6 Bd7 61. h7+ Kg7 62. Ke5 Ng4+ 63. Ke4 Nf6+ 
64. Kf4 Bc8 65. Kg5 Ne4+ 66. Kf4 Nf6 67. Kg5 Ne4+ 68. Kf4 Nf6 1/2-1/2